 Dungeon Sprint DCSS version 0.30-a0-335-ge5acde7520 (webtiles) character file.

Game seed: 9622141350956357249

460 mhtbhm the Protected (level 6, -1/64 HPs)
             Began as an Armataur Fighter on Oct 30, 2022.
             Was an Initiate of Gozag.
             Slain by a wyvern (10 damage)
             ... in the Dungeon (Sprint IX: "|||||||||||||||||||||||||||||").
             The game lasted 00:01:20 (153 turns).

mhtbhm the Protected (Armataur Fighter)              Turns: 153, Time: 00:01:21

Health: -1/64      AC: 11    Str: 23    XL:     6   Next: 78%
Magic:  6/6        EV:  6    Int:  9    God:    Gozag
Gold:   0          SH:  5    Dex:  9    Spells: 5/5 levels left

rFire   . . .      SeeInvis .    a - +0 flail
rCold   . . .      Faith    .    c - +0 buckler
rNeg    . . .      Spirit   .    m - +1 chain mail
rPois   .          Reflect  .    (no helmet)
rElec   .          Harm     .    (no cloak)
rCorr   .          Roll     +    (no gloves)
Will    .....      NoTele   +    (no barding)
Stlth   ..........               (no amulet)
HPRegen 0.30/turn                (no ring)
MPRegen 0.10/turn                (no ring)

@: gold aura, invisible
A: large, rugged brown scales 3, deformed body, armoured tail, roll, long
tongue, awkward tongue
a: Renounce Religion, Potion Petition, Call Merchant, Bribe Branch


You were in the Dungeon.
You worshipped Gozag.
Gozag was noncommittal.
You visited 1 branch

Inventory:

Hand Weapons
 a - a +0 flail (weapon)
Armour
 c - a +0 buckler (worn)
 m - a +1 chain mail (worn)
Jewellery
 b - a +2 ring of evasion
 n - a +3 ring of intelligence
Wands
 l - a wand of roots (10)
Scrolls
 j - 2 scrolls of blinking
 k - 2 scrolls of amnesia
Potions
 d - a potion of might
 e - 4 potions of curing
 f - 2 potions of heal wounds
 g - a potion of haste
 h - 4 potions of magic


   Skills:
 + Level 7.4 Fighting
 + Level 6.9 Maces & Flails
 + Level 9.1 Armour
 + Level 0.4 Dodging
 + Level 1.9 Stealth
 + Level 8.4 Shields


You had 5 spell levels left.
You didn't know any spells.
Your spell library was empty.

Dungeon Overview and Level Annotations

Branches:
Dungeon (1/1)

Altars:
Cheibriados
Dithmenos
Elyvilon
Fedhas
Gozag
Hepliaklqana
Kikubaaqudgha
Makhleb
Nemelex Xobeh
Okawaru
Qazlal
Ru
Sif Muna
Trog
Uskayaw
Vehumet
Wu Jian
Xom
Yredelemnul
Zin
The Shining One
Jiyva
Lugonu


Innate Abilities, Weirdness & Mutations

You are completely covered in rugged brown scales. (AC +3, +7% HP)
Armour fits poorly on your strangely shaped body.
You have a long armoured tail.
You roll when moving toward enemies. (Rampage)
Your long tongue fully drains potion bottles. (2x potion effects)
Your tongue gives you trouble enunciating. (1.5x scroll delay)


Message History

You barely miss the acid dragon.
The acid dragon is almost dead.
The wyvern hisses angrily.
The acid dragon spits acid at you. The splash of acid misses you.
You barely miss the acid dragon.
The acid dragon is almost dead.
The wyvern hisses angrily.
You hit the acid dragon.
You kill the acid dragon!
The wyvern hisses angrily.
The wyvern is distracted by your dazzling golden aura.
Your Armour skill increases to level 9!
You roll towards the wyvern!
The wyvern hisses angrily.
You sock the wyvern!
The wyvern is no longer distracted by gold.
The wyvern is moderately wounded.
You roll towards the wyvern!
The wyvern hisses angrily.
The wyvern is distracted by your dazzling golden aura.
You closely miss the wyvern.
The wyvern is no longer distracted by gold.
The wyvern hisses angrily.
The wyvern is moderately wounded.
The wyvern hisses angrily.
The wyvern bites you! The wyvern closely misses you.
You strike the helpless wyvern from behind!
You hit the wyvern but do no damage.
The wyvern is moderately wounded.
The wyvern bites you.
You strike the helpless wyvern from behind!
You hit the wyvern.
The wyvern is heavily wounded.
You are no longer corroded.
The wyvern bites you!
* * * LOW HITPOINT WARNING * * *
The wyvern bites you!
You die...
Your body crumbles into a pile of gold.

▓+▓
▓.▓
$
▓l▓
$
▓@▓
$ $
▓.▓
$
▓.▓
$
▓$▓
▓$▓
$
▓.▓
▓.▓
$
▓[▓
▓[▓
$


You could see a wyvern (unable to see you).

Vanquished Creatures
  A yak (D)
  An acid dragon (D)
  An ogre (D)
  A killer bee (D)
  A jelly (D)
  An iguana (D)
  2 orcs (D)
  A ball python (D)
  A hobgoblin (D)
  A kobold (D)
  A bat (D)
  A goblin (D)
13 creatures vanquished.

Vanquished Creatures (others)
  A shadow (D)
  An orc wizard (D)
2 creatures vanquished.

Grand Total: 15 creatures vanquished

Notes
Turn   | Place    | Note
-------+----------+-------------------------------------------
     0 | D        | mhtbhm the Armataur Fighter began the quest for the Orb.
     0 | D        | Reached XP level 1. HP: 19/19 MP: 1/1
     6 | D        | Reached skill level 4 in Armour
    19 | D        | Noticed a jelly
    19 | D        | Noticed an iguana
    19 | D        | Noticed an ogre
    23 | D        | Killed an ogre
    24 | D        | Reached skill level 5 in Fighting
    24 | D        | Reached skill level 6 in Armour
    24 | D        | Reached skill level 5 in Shields
    24 | D        | Reached XP level 2. HP: 31/31 MP: 2/2
    24 | D        | Reached XP level 3. HP: 38/38 MP: 3/3
    24 | D        | Reached XP level 4. HP: 44/44 MP: 4/4
    29 | D        | Reached skill level 7 in Armour
    29 | D        | Reached XP level 5. HP: 53/53 MP: 5/5
    34 | D        | Found a snail-covered altar of Cheibriados.
    34 | D        | Found a shadowy altar of Dithmenos.
    34 | D        | Found a white marble altar of Elyvilon.
    34 | D        | Found a blossoming altar of Fedhas.
    34 | D        | Found an opulent altar of Gozag.
    35 | D        | Found a hazy altar of Hepliaklqana.
    36 | D        | Found a viscous altar of Jiyva.
    37 | D        | Found an ancient bone altar of Kikubaaqudgha.
    38 | D        | Found a corrupted altar of Lugonu.
    39 | D        | Found a burning altar of Makhleb.
    40 | D        | Found a sparkling altar of Nemelex Xobeh.
    41 | D        | Found an iron altar of Okawaru.
    42 | D        | Found a stormy altar of Qazlal.
    43 | D        | Found a sacrificial altar of Ru.
    44 | D        | Found a shimmering blue altar of Sif Muna.
    45 | D        | Found a bloodstained altar of Trog.
    46 | D        | Found a hide-covered altar of Uskayaw.
    47 | D        | Found a radiant altar of Vehumet.
    48 | D        | Found an ornate altar of the Wu Jian Council.
    49 | D        | Found a shimmering altar of Xom.
    62 | D        | Became a worshipper of Gozag Ym Sagoz the Greedy
    71 | D        | Found a basalt altar of Yredelemnul.
    72 | D        | Found a glowing silver altar of Zin.
    73 | D        | Found a glowing golden altar of the Shining One.
   117 | D        | Noticed a wyvern
   117 | D        | Noticed an acid dragon
   117 | D        | Noticed a shadow
   117 | D        | Noticed a yak
   125 | D        | Reached skill level 5 in Maces & Flails
   130 | D        | Killed a yak
   131 | D        | Reached skill level 8 in Armour
   131 | D        | Reached skill level 1 in Stealth
   131 | D        | Reached XP level 6. HP: 47/64 MP: 6/6
   131 | D        | Killed a shadow
   147 | D        | Killed an acid dragon
   148 | D        | Reached skill level 9 in Armour
   153 | D        | Slain by a wyvern

Illustrated notes

Levels and vault maps discovered:
D:        linesprint [early_d, line_temple, items_1, d_10, items_2, lair_1,
          lair_end, items_3, orc_1, orc_end, items_4, d_15, swamp_1, shoals_1,
          snake_1, spider_1, d_20, vaults_1, items_5, swamp_end, shoals_end,
          snake_end, spider_end, vaults_end, d_27, items_6, zot_1, zot_end,
          crypt_end, forest_end, elf_end, slime_end, tomb_end, abyss_end,
          pan_hell_end]

Skill      XL: |  1  2  3  4  5  6 |
---------------+-------------------+-----
Fighting       | 5 7 |  7.4
Armour         | 6 7 8 9 |  9.1
Maces & Flails | 3 4 6 |  6.9
Shields        | 5 6 7 8 |  8.4
Stealth        | 1 |  1.9
Dodging        | |  0.4

Action                   |  1- 3 |  4- 6 || total
-------------------------+-------+-------++-------
Melee: Flail             |    11 |    36 ||    47
       Tailslap          |     3 |     2 ||     5
  Use: Potion            |     1 |     3 ||     4
 Stab: Invisible         |       |     3 ||     3
Armor: Scale mail        |     1 |       ||     1
       Chain mail        |       |    10 ||    10
Dodge: Dodged            |     4 |    14 ||    18
Block: Buckler           |     1 |     8 ||     9

Table legend: (Time is in decaauts)
 A = Elapsed time spent in this place.
 B = Non-inter-level travel time spent in this place.
 C = Inter-level travel time spent in this place.
 D = Time resting spent in this place.
 E = Time spent auto-exploring this place.
 F = Levels seen in this place.
 G = Mean time per level.
                   A        B        C        D        E       F      G
               +--------+--------+--------+--------+--------+-----+--------+
         Total |    166 |    166 |      0 |      5 |     11 |   1 |  166.0 |
       Dungeon |    166 |    166 |      0 |      5 |     11 |   1 |  166.0 |
               +--------+--------+--------+--------+--------+-----+--------+

Top non-repeatable levels by time:
       D: 166 daAuts
